AoeStats
← Mriquelme11

Black Forest

503259409Analyzed
3v3 RM · 1mo ago on Aug 30, 2026· 52m 30s· 6 players
Game mode
Random Map
Map size
Normal (6 player)
Population
200
Speed
Normal
Resources
Standard
Victory
Conquest
Starting age
Dark Age
Ending age
Imperial Age
RankedLock teamsTeams togetherTeam positionsShared explorationLock speedFull tech treeHidden civsTurbo modeCheats
Victory
Defeat
🇲🇽 Britons · Mexico
554
+15
🇲🇽 Vietnamese · Mexico
539
+15
🇲🇽 Vietnamese · Mexico
492
+17
🇹🇷 Teutons · Türkiye
596
-19
🇨🇴 Franks · Colombia
504
-15
🇵🇾 Khmer · Paraguay
468
-13
spiterman
0:58 Loom
19:43 Feudal Age
22:46 Wheelbarrow
25:41 Castle Age
24:46 Stone Mining
24:48 Gold Mining
27:13 Stone Shaft Mining
26:31 Double-Bit Axe
26:31 Horse Collar
29:03 Hand Cart
29:46 Town Watch
33:55 Bow Saw
33:52 Heavy Plow
35:33 Husbandry
35:44 Bloodlines
35:59 Padded Archer Armor
35:49 Fletching
36:16 Scale Barding Armor
36:17 Scale Mail Armor
37:36 Chatras
45:22 Imperial Age
44:42 Elite Skirmisher
45:27 Thumb Ring
45:37 Imperial Skirmisher
48:29 Chemistry
47:50 Ballistics
47:41 Fortified Wall
48:44 Chemistry
48:04 Ballistics
48:54 Paper Money
49:05 Elite Rattan Archer
51:14 Chain Barding Armor
51:09 Chain Mail Armor
51:10 Leather Archer Armor
50:51 Bodkin Arrow
51:06 Forging
GILGAMESH
5:44 Loom
12:43 Feudal Age
18:28 Castle Age
16:18 Double-Bit Axe
19:43 Bow Saw
27:00 Pikeman
27:40 Squires
27:26 Arson
32:36 Wheelbarrow
33:11 Yeomen
36:34 Imperial Age
34:22 Hand Cart
37:18 Forging
37:09 Scale Mail Armor
37:00 Fletching
37:15 Scale Barding Armor
37:12 Padded Archer Armor
38:26 Two-Man Saw
37:43 Caravan
39:01 Warwolf
39:49 Iron Casting
39:32 Chain Mail Armor
39:55 Gold Mining
40:57 Elite Longbowman
Andrikreus
14:01 Feudal Age
16:39 Double-Bit Axe
19:13 Castle Age
20:04 Horse Collar
27:06 Bow Saw
26:59 Heavy Plow
27:53 Scale Barding Armor
28:08 Forging
32:13 Imperial Age
31:19 Wheelbarrow
31:50 Fortified Wall
33:02 Chain Barding Armor
33:17 Iron Casting
34:37 Paper Money
34:33 Caravan
35:35 Bloodlines
35:26 Husbandry
36:06 Plate Barding Armor
35:27 Fletching
35:36 Gold Mining
36:17 Hand Cart
35:55 Loom
36:00 Elite Skirmisher
37:33 Ballistics
38:14 Chemistry
37:15 Bodkin Arrow
37:21 Padded Archer Armor
37:23 Elite Battle Elephant
38:35 Bracer
39:52 Leather Archer Armor
43:10 Chatras
43:19 Imperial Skirmisher
44:04 Thumb Ring
MONSEkatish
16:26 Feudal Age
24:24 Castle Age
30:18 Husbandry
30:28 Scale Barding Armor
37:26 Wheelbarrow
36:57 Scale Mail Armor
37:05 Double-Bit Axe
38:13 Loom
41:03 Imperial Age
40:00 Hand Cart
50:26 Cavalier
Mriquelme11
1:06 Loom
22:19 Feudal Age
26:43 Castle Age
25:19 Wheelbarrow
24:31 Town Watch
26:59 Double-Bit Axe
27:10 Horse Collar
28:02 Bow Saw
27:46 Gold Mining
27:47 Stone Mining
29:38 Hand Cart
29:23 Town Patrol
32:51 Gold Shaft Mining
32:52 Stone Shaft Mining
36:04 Imperial Age
kado
1:23 Loom
16:29 Feudal Age
26:50 Double-Bit Axe
28:12 Gold Mining
31:35 Castle Age
30:49 Forging
31:32 Scale Mail Armor
31:39 Scale Barding Armor
32:20 Squires
32:06 Arson
32:48 Bow Saw
32:45 Caravan
33:42 Iron Casting
33:56 Coinage
34:40 Wheelbarrow
35:09 Town Watch
37:31 Bloodlines
41:49 Imperial Age
39:16 Horse Collar
39:58 Chain Barding Armor
39:53 Chain Mail Armor
42:55 Ballistics
44:47 Chemistry
43:53 Siege Engineers
44:24 Conscription
46:03 Hand Cart
45:29 Elite Teutonic Knight
47:03 Fletching
47:14 Padded Archer Armor
47:34 Heavy Plow
49:17 Elite Skirmisher
49:58 Bodkin Arrow
Connection lost

Rejoining the realm…

Still unreachable

The connection could not be restored.

Session expired

The server has moved on; the page needs a fresh start.